 Dungeon Crawl Stone Soup version 0.28.0-45-g0d030f2227 (webtiles) character file.

Game seed: 9188742690927251717

182503 pkoi the Destroyer (level 17, -3/134 (141) HPs)
             Began as a Demigod Air Elementalist on Apr 4, 2022.
             Killed from afar by a jorogumo (31 damage)
             ... with a bolt of negative energy
             ... on level 1 of the Spider Nest.
             The game lasted 01:08:05 (39836 turns).

pkoi the Destroyer (Demigod Air Elementalist)      Turns: 39836, Time: 01:08:06

HP:   -3/134 (141)  AC: 11    Str: 13    XL:     17   Next: 13%
MP:   19/37         EV:  9    Int: 33    God:
Gold: 2060          SH:  0    Dex: 14    Spells: 13/38 levels left

rFire   + . .      SeeInvis .   s - +4 lajatang (venom)
rCold   + . .      Faith    .   (shield currently unavailable)
rNeg    . . .      Spirit   .   d - +2 robe {Archmagi}
rPois   .          Reflect  .   H - +0 hat
rElec   .          Harm     .   p - scarf {rC+ rF+}
rCorr   .          Rampage  .   l - +1 pair of gloves
Will    +....      Archmagi +   P - +0 pair of boots
Stlth   ++........              o - amulet of magic regeneration
HPRegen 0.32/turn               b - +4 ring of protection
MPRegen 0.65/turn               h - +4 ring of slaying

@: held, lightly drained
A: high MP 1, forlorn, divine attributes
a: no special abilities


You were on level 1 of the Spider Nest.
You visited 6 branches of the dungeon, and saw 26 of its levels.
You also visited: Ice Cave.

You collected 2627 gold pieces.
You spent 567 gold pieces at shops.

Inventory:

Hand Weapons
 f - a +1 dagger
 s - a +4 lajatang of venom (weapon)
 O - the +9 short sword of Fee Simple {venom, rF+ rC- Dex+2}
   (You found it on level 12 of the Dungeon)

   It poisons the flesh of those it strikes.
   Dex:       It affects your dexterity (+2).
   rF:        It protects you from fire.
   rC:        It makes you vulnerable to cold.
Missiles
 v - 14 poisoned darts
 B - a curare-tipped dart
Armour
 d - a +2 robe of the Archmagi (worn)
 l - a +1 pair of gloves (worn)
 p - a scarf of resistance (worn)
 C - a scarf of repulsion
 H - a +0 hat (worn)
 P - a +0 pair of boots (worn)
Jewellery
 b - a +4 ring of protection (left hand)
 g - a ring of ice
 h - a +4 ring of slaying (right hand)
 o - an amulet of magic regeneration (around neck)
 q - a ring of fire
 K - a ring of positive energy
 Q - a +4 ring of slaying
Wands
 a - a wand of acid (8)
 c - a wand of charming (13)
 j - a wand of iceblast (27)
 k - a wand of mindburst (13)
 w - a wand of flame (63)
 y - a wand of polymorph (10)
Scrolls
 i - 3 scrolls of identify
 r - 3 scrolls of enchant weapon
 u - 2 scrolls of holy word
 x - 5 scrolls of enchant armour
 A - 2 scrolls of silence
 D - 2 scrolls of summoning
 F - 3 scrolls of magic mapping
 G - a scroll of brand weapon
 M - 4 scrolls of fog
 N - 3 scrolls of blinking
 R - a scroll of amnesia
 S - 2 scrolls of teleportation
Potions
 e - 2 potions of berserk rage
 m - a potion of cancellation
 n - 3 potions of heal wounds
 t - a potion of invisibility
 z - a potion of flight
 E - 3 potions of brilliance
 I - a potion of resistance
 J - 5 potions of curing
 L - 3 potions of haste


   Skills:
 + Level 10.7 Fighting
 + Level 10.8 Dodging
 - Level 1.7 Stealth
 + Level 7.4 Unarmed Combat
 - Level 11.0 Spellcasting
 * Level 14.4 Conjurations
 - Level 3.5 Hexes
 + Level 4.8 Transmutations
 - Level 3.4 Fire Magic
 - Level 12.0 Air Magic


You had 13 spell levels left.
You knew the following spells:

 Your Spells              Type           Power      Damage    Failure   Level
a - Shock                 Conj/Air       100%       1d9       0%          1
b - Static Discharge      Conj/Air       100%       N/A       1%          2
c - Airstrike             Air            49%        N/A       1%          4
d - Swiftness             Air            98%        N/A       1%          3
e - Orb of Destruction    Conj           53%        9d13      6%          7
f - Blade Hands           Tmut           33%        N/A       10%         5
g - Inner Flame           Hex/Fire       58%        N/A       1%          3

Your spell library contained the following spells:

 Spells                   Type           Power      Damage    Failure   Level
 Foxfire                  Conj/Fire      100%       2x1d9     1%          1
 Conjure Flame            Conj/Fire      86%        6-21      1%          3
 Dazzling Flash           Conj/Hex       100%       N/A       1%          3
 Flame Wave               Conj/Fire      86%        2d15      1%          4
 Summon Guardian Golem    Hex/Summ       44%        N/A       3%          3
 Silence                  Hex/Air        40%        N/A       3%          5
 Iron Shot                Conj/Erth      39%        9d8       21%         6
 Animate Armour           Summ/Erth      54%        N/A       26%         4
 Agony                    Necr           27%        N/A       56%         5
 Spellforged Servitor     Conj/Summ      39%        N/A       75%         7


Dungeon Overview and Level Annotations

Branches:
Dungeon (13/15)            Temple (1/1) D:6            Lair (6/6) D:9
  Swamp (3/4) Lair:2       Spider (1/4) Lair:4        Slime (0/5) Lair:6
    Orc (2/2) D:12            Elf (0/3) Orc:2         IceCv (visited)
 Vaults: D:13-14

Shops:
Orc:1 ?   Orc:2 **[:(

Annotations:
D:7 2 transporters, sanboga's ghost, novice GrFi
D:10 2 transporters
Lair:1 exclusion: ice statue
Lair:5 exclusion: 3 oklob plants


Innate Abilities, Weirdness & Mutations

You have an increased reservoir of magic. (+10% MP)
You shall have no god before yourself.
Your divine heritage dramatically boosts your attributes as you level up.


Message History

Casting: Airstrike (safe; 1% risk of failure)
Confirm with . or Enter, or press ? or * to list all spells.
Aiming: Inner Flame (safe; 1% risk of failure)
Press: ? - help, Dir - move target, f - culicivora
Aim: a culicivora (chance to affect: 95%)
You feel a surge of power!
The culicivora is filled with an inner flame.
Unknown command.
Aiming: Airstrike (safe; 1% risk of failure)
Press: ? - help, Q - select action, (/) - cycle Dir - move target, f/p - culicivora
Aim: a culicivora (inner flame, empty space bonus: 7/8)
You feel a surge of power!
The air twists around and strikes the culicivora!!
Flame seeps out of the culicivora.
The culicivora is heavily wounded.
The culicivora is engulfed in blazing flames.
Flame seeps out of the culicivora.
The culicivora bites you.
* * * LOW HITPOINT WARNING * * *
The culicivora draws strength from your injuries!
The culicivora is engulfed in blazing flames.
Flame seeps out of the culicivora.
The culicivora closely misses you.
The culicivora is engulfed in blazing flames.
The culicivora explodes!
You hear an angry hiss.
A tarantella comes into view.
A jorogumo comes into view.
A jumping spider comes into view.
The tarantella hisses angrily.
A jumping spider comes into view.
The jorogumo is engulfed in blazing flames.
The jumping spider leaps!
The jumping spider is engulfed in blazing flames.
The jumping spider pounces on you!
* * * LOW HITPOINT WARNING * * *
You are caught in a web!
The jumping spider bites you but does no damage.
The jorogumo is engulfed in blazing flames.
The jorogumo casts a spell at you. The bolt of negative energy hits you!!
You feel drained.
You die...

....... .......##
......^.#
........# ......#
.......§# ......#
....s☼.H# .....##
#
#.s§######....^#..
###..§.#.......^..
#.○@°............
##§s§............
#...^<..........
#..#.###.........
######^..........
#......#.....
#......###...
.^...>... ..
...##...... .


You could see a jorogumo, 2 jumping spiders and a tarantella.

Vanquished Creatures
  Jorgrun (Orc:1)
  Rupert (D:11)
  Gastronok (Lair:1)
  A thorn hunter (Swamp:2)
  An orc warlord (Orc:2)
  A very ugly thing (IceCv)
  5 bunyips
  4 eleionomae (Swamp:1)
  A spark wasp (Spider:1)
  Josephine (Lair:4)
  Erolcha (Orc:2)
  3 ghost crabs
  Erica (Orc:1)
  3 alligators
  12 hydras
  2 catoblepae
  A centaur warrior (D:13)
  3 two-headed ogres
  A death yak (Lair:1)
  2 orc high priests
  Urug (Lair:3)
  3 goliath frogs
  5 spriggan druids
  4 swamp dragons
  2 bog bodies
  A lindwurm (Lair:5)
  6 orc knights
  2 deep elf pyromancers
  4 will-o-the-wisps
  An ugly thing (D:12)
  3 orc sorcerers
  4 elephants (Lair:6)
  3 cyclopes (D:13)
  A manticore (D:6)
  4 black mambas
  21 cane toads
  5 komodo dragons
  2 rime drakes (Lair:4)
  2 ice devils (Lair:1)
  5 yaktaurs
  A kobold demonologist (D:10)
  2 tengu conjurers (D:13)
  2 anaconda simulacra (IceCv)
  A bloated husk (Swamp:1)
  6 trolls
  8 slime creatures
  7 tyrant leeches
  5 polar bears
  A meliai (Lair:4)
  8 hornets
  27 blink frogs
  13 spriggans
  Sigmund (D:4)
  A culicivora (Spider:1)
  2 dire elephant simulacra
  9 wyverns
  4 wraiths
  3 basilisks
  55 yaks
  10 vampire mosquitoes
  A steam dragon (D:3)
  A harpy simulacrum (IceCv)
  8 swamp worms
  3 wargs
  2 acid dragons (D:11)
  15 water moccasins
  Duvessa (D:5)
  A hydra simulacrum (IceCv)
  25 orc warriors
  An ice beast (D:6)
  2 sky beasts
  A black bear (D:6)
  2 necrophages
  27 wolves
  17 ogres
  5 centaurs
  2 kobold brigands
  17 bullfrogs
  2 gnoll sergeants
  3 scorpions
  A water moccasin zombie (D:5)
  A wyvern zombie (D:8)
  Dowan (D:5)
  9 killer bees
  3 lindwurm simulacra (IceCv)
  2 oklob saplings (D:8)
  7 howler monkeys
  4 wights (D:7)
  2 electric eels (Lair:6)
  A bullfrog zombie (D:5)
  Crazy Yiuf (D:5)
  2 centaur zombies
  2 hounds
  18 orc priests
  8 jellies
  2 bullfrog skeletons (D:5)
  2 centaur skeletons
  2 iguanas (D:5)
  25 orc wizards
  10 hell rats (Lair:2)
  A statue (D:9)
  A troll simulacrum (Lair:1)
  A polar bear simulacrum (Lair:1)
  A hound skeleton (D:5)
  16 gnolls
  A naga simulacrum (Lair:1)
  9 adders
  3 shadow imps
  A white imp (D:6)
  An ufetubus (D:6)
  An adder zombie (D:5)
  3 worms
  A dart slug (D:1)
  61 orcs
  8 endoplasms
  2 giant cockroaches
  5 goblins
  6 hobgoblins
  3 jackals
  3 quokkas
  6 ball pythons
  A bat (D:3)
  4 frilled lizards
  4 kobolds
  4 rats
677 creatures vanquished.

Vanquished Creatures (others)
  4 foxfires
  51 fungi
  134 plants
189 creatures vanquished.

Grand Total: 866 creatures vanquished

Notes
Turn   | Place    | Note
-------+----------+-------------------------------------------
     0 | D:1      | pkoi the Demigod Air Elementalist began the quest for the
                  | Orb.
     0 | D:1      | Reached XP level 1. HP: 14/14 MP: 5/5
   170 | D:1      | Noticed a golden eye
   175 | D:1      | Noticed a shining eye
   175 | D:1      | Noticed an eye of devastation
   175 | D:1      | Noticed a golden eye
   662 | D:1      | Reached XP level 2. HP: 19/20 MP: 0/7
  1004 | D:2      | You fall into a shaft and drop 2 floors!
  1410 | D:4      | Reached XP level 3. HP: 24/26 MP: 0/8
  1480 | D:4      | Learned a level 2 spell: Static Discharge
  1833 | D:3      | Reached XP level 4. HP: 10/33 MP: 0/9
  2042 | D:3      | Learned a level 4 spell: Airstrike
  3252 | D:3      | Noticed a steam dragon
  3413 | D:3      | Found a transporter.
  4284 | D:4      | Noticed a kobold brigand
  4324 | D:3      | Killed a kobold brigand
  4325 | D:3      | Reached skill level 5 in Air Magic
  4325 | D:3      | Reached XP level 5. HP: 37/38 MP: 1/11
  4553 | D:4      | Found a large runed translucent door.
  4553 | D:4      | Found a large runed translucent door.
  4600 | D:4      | Found a large runed translucent door.
  4600 | D:4      | Found a large runed translucent door.
  4622 | D:4      | Noticed an ogre
  4627 | D:4      | Killed an ogre
  4871 | D:4      | Reached XP level 6. HP: 37/45 MP: 8/12
  5531 | D:4      | Noticed Sigmund
  5723 | D:5      | Entered Level 5 of the Dungeon
  5798 | D:5      | Noticed a water moccasin
  5806 | D:5      | Noticed Duvessa
  5806 | D:5      | Noticed Dowan
  5843 | D:5      | Killed a water moccasin
  5844 | D:5      | Reached XP level 7. HP: 50/50 MP: 6/13
  6089 | D:5      | Reached skill level 1 in Fighting
  6198 | D:5      | Found a runed translucent door.
  6199 | D:5      | Noticed Crazy Yiuf
  6205 | D:5      | Killed Crazy Yiuf
  7230 | D:6      | Found a staircase to the Ecumenical Temple.
  7477 | D:6      | Reached XP level 8. HP: 57/62 MP: 7/16
  7654 | D:6      | Noticed a manticore
  7660 | D:6      | Killed a manticore
  7725 | D:6      | Learned a level 3 spell: Swiftness
  8247 | D:4      | Killed Sigmund
  8404 | D:7      | Reached XP level 9. HP: 65/71 MP: 0/19
  8509 | D:7      | Reached skill level 5 in Dodging
  8537 | D:7      | Found a transporter.
  8548 | D:7      | Found a transporter.
  8586 | D:7      | Reached skill level 5 in Spellcasting
  8703 | D:7      | Noticed sanboga's ghost (novice GrFi)
  8750 | D:7      | Reached skill level 5 in Fighting
  8865 | D:7      | Noticed a five-headed hydra
 10625 | D:9      | Found a staircase to the Lair.
 10756 | D:8      | Reached XP level 10. HP: 39/83 MP: 14/22
 12037 | D:10     | Entered Level 10 of the Dungeon
 12115 | D:10     | Reached skill level 4 in Conjurations
 12115 | D:10     | Reached skill level 10 in Air Magic
 12115 | D:10     | Reached XP level 11. HP: 90/90 MP: 24/27
 12145 | D:9      | Noticed a deep elf pyromancer
 12151 | D:9      | Killed a deep elf pyromancer
 12601 | D:5      | Killed Duvessa
 12605 | D:5      | Killed Dowan
 12732 | Lair:1   | Entered Level 1 of the Lair of Beasts
 13526 | Lair:1   | Noticed Gastronok
 13538 | Lair:1   | Killed Gastronok
 13728 | Lair:1   | Noticed a death yak
 14164 | Lair:1   | Killed a death yak
 14165 | Lair:1   | Reached XP level 12. HP: 83/101 MP: 26/29
 14239 | Lair:1   | Reached skill level 9 in Conjurations
 14239 | Lair:1   | Reached XP level 13. HP: 107/107 MP: 30/30
 14240 | Lair:1   | Reached skill level 11 in Conjurations
 14240 | Lair:1   | Reached XP level 14. HP: 114/114 MP: 31/31
 14249 | Lair:1   | Learned a level 7 spell: Orb of Destruction
 15722 | Lair:2   | Found a staircase to the Swamp.
 16203 | Lair:3   | Noticed Urug
 16209 | Lair:3   | Killed Urug
 17778 | Lair:4   | Noticed Josephine
 17787 | Lair:4   | Killed Josephine
 18710 | Lair:4   | Found a hole to the Spider Nest.
 20301 | Lair:6   | Entered Level 6 of the Lair of Beasts
 20870 | Lair:6   | Reached skill level 12 in Conjurations
 21273 | Lair:6   | Learned a level 5 spell: Blade Hands
 21366 | Lair:5   | Reached skill level 10 in Spellcasting
 21629 | Lair:6   | Reached skill level 1 in Unarmed Combat
 21749 | Lair:6   | Reached skill level 1 in Transmutations
 22457 | Lair:6   | Found a staircase to the Slime Pits.
 22695 | Lair:6   | Reached XP level 15. HP: 123/125 MP: 19/34
 23204 | Lair:6   | Reached XP level 16. HP: 133/133 MP: 35/35
 23223 | Lair:6   | Identified the +1 chain mail of Orghyem {rF+}
 23456 | D:10     | Found a transporter.
 24044 | D:10     | Found a transporter.
 25143 | D:12     | Noticed Rupert
 25608 | D:12     | Found a staircase to the Orcish Mines.
 25753 | D:12     | Identified the +9 short sword of Fee Simple {venom, rF+ rC-
                  | Dex+2}
 25796 | D:12     | Paralysed by Rupert for 5 turns
 25868 | D:11     | Killed Rupert
 25869 | D:11     | Reached skill level 10 in Dodging
 26656 | D:12     | Learned a level 3 spell: Inner Flame
 27115 | D:13     | Reached skill level 1 in Hexes
 27115 | D:13     | Reached skill level 1 in Fire Magic
 27121 | D:13     | Paralysed by a hornet for 1 turns
 27551 | D:13     | HP: 3/134 [spore (48)]
 28148 | D:13     | Reached skill level 13 in Conjurations
 28835 | Orc:1    | Entered Level 1 of the Orcish Mines
 28835 | Orc:1    | Noticed Erica
 29017 | Orc:1    | Killed Erica
 29400 | Orc:1    | Noticed Jorgrun
 29412 | Orc:1    | Killed Jorgrun
 29931 | Orc:1    | Found Merumarch's Magic Scroll Shoppe.
 30035 | Orc:1    | Bought a scroll of blinking for 135 gold pieces
 30035 | Orc:1    | Bought a scroll of blinking for 135 gold pieces
 30035 | Orc:1    | Bought a scroll of amnesia for 63 gold pieces
 30257 | Orc:2    | Entered Level 2 of the Orcish Mines
 30454 | Orc:2    | Noticed Erolcha
 30458 | Orc:2    | Killed Erolcha
 30809 | Orc:2    | Found Inoerph's Antique Armour Boutique.
 31313 | Swamp:1  | Entered Level 1 of the Swamp
 32398 | Swamp:1  | Reached skill level 10 in Fighting
 32761 | Swamp:1  | HP: 6/134 [eleionoma (9)]
 34118 | Orc:2    | Bought a distressingly furry ring mail for 234 gold pieces
 34118 | Orc:2    | Identified the +1 ring mail of Death's Door {Str+2} (You
                  | bought it in a shop on level 2 of the Orcish Mines)
 34137 | Orc:2    | Found a staircase to the Elven Halls.
 34142 | Orc:2    | Found Isiting's General Store.
 34229 | Orc:2    | Found Meadox's Assorted Antiques.
 34272 | Orc:2    | Found Ahit's Book Emporium.
 35015 | Orc:2    | Found Wiehuog's Antique Weapon Emporium.
 36028 | Swamp:1  | Reached skill level 14 in Conjurations
 37260 | Swamp:2  | Reached XP level 17. HP: 141/141 MP: 26/37
 38248 | Temple   | Entered the Ecumenical Temple
 38676 | Swamp:3  | Found a frozen archway.
 38685 | IceCv    | Entered an ice cave
 39014 | IceCv    | Found a transporter.
 39026 | IceCv    | Found a transporter.
 39806 | Spider:1 | Entered Level 1 of the Spider Nest
 39836 | Spider:1 | Killed from afar by a jorogumo

Illustrated notes

Levels and vault maps discovered:
D:1:      elethiomel_arrival_infinity_welcomes_careful_drivers, layout_basic,
          hellmonk_ecumenical_altar_watching_god
D:2:      layout_basic, serial_curves, eino_curves_04, eino_curves_01,
          hangedman_glass_teeth, serial_bayou_pond_e, minmay_heptomino_d4
D:3:      layout_basic, tso_oasis_becter, grunt_nemelex_the_gamble,
          columned_hall_lemuel, kennysheep_generic_room_16
D:4:      layout_cave_pools, nicolae_overflow_hidden_temple,
          nzn_wu_jian_contemplation, minmay_hollow_rounded_squares, uniq_sigmund
D:5:      layout_loops_ring, mainiacjoe_overflow_alcove_4, slow_altar_2,
          uniq_crazy_yiuf_cottage, uniq_duvessa
D:6:      layout_loops_corners, nicolae_dithmenos_shadow_blocks,
          minmay_temple_entry_hall, nicolae_elevator_lobby_asterisk
D:7:      layout_cave_pools, nzn_ghost_randoct
D:8:      layout_basic, hellmonk_bongcloud_opening,
          minmay_misc_feat_four_crosses, introduction_to_nature_2
D:9:      layout_loops_corners, nicolae_qazlal_scattered_showers,
          vehumet_statue, dpeg_oklobed_lair, hangedman_decor_clover_reticule,
          minivault_1, roderic_lattice_a, guppyfry_early_elven_hall
D:10:     gammafunk_cloud_chamber, layout_gridville
D:11:     layout_long_grid
D:12:     layout_roguey, erik_orc_4, uniq_rupert
D:13:     layout_basic
Temple:   dshaligram_water_room_temple
Lair:1:   dreamdust_isle_of_ice, layout_hall_layers, uniq_gastronok
Lair:2:   layout_regular_city, minmay_swamp_entry_worms
Lair:3:   layout_gridlike, lemuel_fruit_tree, serial_bayou_shore_b, uniq_urug
Lair:4:   layout_gridlike, hellmonk_spider_entry_not_the_bees,
          nicolae_lair_grazing_beasts [nicolae_sub_lair_graze_edge,
          nicolae_sub_lair_graze_edge, nicolae_sub_lair_graze_edge,
          nicolae_sub_lair_graze_edge], uniq_josephine
Lair:5:   minmay_lair_oklob_tunnel, layout_loops_ring, tgw_fedhas
Lair:6:   minmay_lair_end_frog_pond, layout_hall_layers,
          nicolae_slime_entry_slimehenge, minivault_23
Swamp:1:  layout_falls_marsh, evilmike_swamp_ruin_house_5, swamp_pool1,
          infiniplex_staircase_pool
Swamp:2:  layout_basic_swamp, nicolae_swamp_round_clearing
Swamp:3:  layout_falls_marsh, portal_ice_cave_entry_pillars_three,
          nicolae_swamp_tree_isthmus, swamp_pool2
Spider:1: layout_spider_delve
Orc:1:    layout_diamond_mine, serial_shops, nicolae_shop_hallway_plus,
          uniq_jorgrun, uniq_erica
Orc:2:    grunt_orc_gardens, layout_caves, grunt_orc_garden, grunt_orc_garden,
          grunt_orc_garden, grunt_orc_garden, serial_shops,
          nicolae_shop_waterfront, uniq_erolcha

Skill      XL: |  1  2  3  4  5  6  7  8  9 10 11 12 13 14 15 16 |
---------------+-------------------------------------------------+-----
Air Magic      | 3 4 5 6 7 8 9 10 11 12 | 12.0
Spellcasting   | 2 3 4 5 7 8 10 11 | 11.0
Dodging        | 3 4 6 7 9 10 | 10.8
Fighting       | 2 4 5 6 7 9 10 | 10.7
Conjurations   | 4 9 11 12 14 | 14.4
Unarmed Combat | 2 6 7 |  7.4
Transmutations | 2 4 |  4.8
Hexes          | 3 |  3.5
Fire Magic     | 3 |  3.4
Stealth        | |  1.7

Action                   |  1- 3 |  4- 6 |  7- 9 | 10-12 | 13-15 | 16-18 || total
-------------------------+-------+-------+-------+-------+-------+-------++-------
Melee: Dagger            |    28 |    11 |       |       |       |       ||    39
       Lajatang          |       |     2 |    27 |    22 |    29 |    24 ||   104
 Cast: Shock             |    60 |    84 |     4 |       |       |       ||   148
       Airstrike         |       |    12 |   157 |   111 |   418 |   399 ||  1097
       Static Discharge  |       |       |       |    17 |    32 |    14 ||    63
       Orb of Destructio |       |       |       |       |       |    83 ||    83
       Inner Flame       |       |       |       |       |       |    32 ||    32
Evoke: Wand              |       |       |       |       |       |     5 ||     5
  Use: Scroll            |       |    12 |     5 |     5 |     4 |     5 ||    31
       Potion            |       |     1 |       |     2 |     2 |       ||     5
Armor: Robe              |    18 |    13 |    30 |    22 |    56 |    30 ||   169
Dodge: Dodged            |    35 |    32 |    72 |    48 |   137 |   121 ||   445
       Repelled          |       |       |       |       |     2 |     2 ||     4
